 Dungeon Crawl Stone Soup version 0.29.1-15-g9cfb28693d (webtiles) character file.

Game seed: 10994509331932814341

2678 Barneous the Sneak (level 9, -6/59 HPs)
             Began as an Octopode Wanderer on Mar 13, 2023.
             Mangled by an orc warrior
             ... wielding a +0 trident
              (9 damage)
             ... on level 6 of the Dungeon.
             The game lasted 00:17:35 (5523 turns).

Barneous the Sneak (Octopode Wanderer)              Turns: 5523, Time: 00:17:35

Health: -6/59      AC:  3    Str: 10    XL:     9   Next: 64%
Magic:  15/15      EV: 16    Int: 22    God:
Gold:   271        SH:  0    Dex: 19    Spells: 12/16 levels left

rFire   . . .      SeeInvis .   a - +2 quarterstaff (vorpal)
rCold   + . .      Faith    .   (shield currently unavailable)
rNeg    . . .      Spirit   .   c - +2 hat
rPois   .          Reflect  .   (no amulet)
rElec   +          Harm     .   l - ring "Pixo" {rElec rF- rC+ Int+6 Dex+4}
rCorr   .          Rampage  .   m - ring of willpower
Will    +....                   (no ring)
Stlth   +++++.....              (no ring)
HPRegen 0.19/turn               (no ring)
MPRegen 0.14/turn               (no ring)
                                (no ring)
                                (no ring)

@: no status effects
A: almost no armour, amphibious, 8 rings, camouflage 1, gelatinous body 1,
(nimble swimmer 1), tentacles, fire resistance 1
a: no special abilities


You were on level 6 of the Dungeon.
You visited 1 branch of the dungeon, and saw 6 of its levels.

You collected 271 gold pieces.

Inventory:

Hand Weapons
 a - a +2 vorpal quarterstaff (weapon)
Armour
 c - a +2 hat (worn)
Jewellery
 l - the ring "Pixo" (left tentacle) {rElec rF- rC+ Int+6 Dex+4}
   (You found it on level 4 of the Dungeon)

   [ring of intelligence]

   Int:       It affects your intelligence (+6).
   Dex:       It affects your dexterity (+4).
   rF:        It makes you vulnerable to fire.
   rC:        It protects you from cold.
   rElec:     It insulates you from electricity.
 m - a ring of willpower (right tentacle)
Wands
 i - a wand of acid (8)
 k - a wand of roots (5)
 o - a wand of mindburst (7)
Scrolls
 d - 2 scrolls of teleportation
 e - a scroll of magic mapping
 f - 4 scrolls of enchant armour
 h - a scroll of summoning {unknown}
Potions
 b - a potion of flight
 g - 3 potions of curing


   Skills:
 + Level 4.7 Fighting
 - Level 3.4 Short Blades
 + Level 2.8(3.1) Polearms
 - Level 2.0(2.7) Staves
 + Level 5.1 Dodging
 + Level 7.9 Stealth
 + Level 4.4 Unarmed Combat
 + Level 4.3 Spellcasting
 + Level 2.9 Conjurations
 + Level 2.8 Earth Magic
 + Level 3.0 Evocations


You had 12 spell levels left.
You knew the following spells:

 Your Spells              Type           Power      Damage    Failure   Level
a - Stone Arrow           Conj/Erth      34%        3d9       10%         3
b - Magic Dart            Conj           68%        1d6       3%          1

Your spell library contained the following spells:

 Spells                   Type           Power      Damage    Failure   Level
 Call Imp                 Summ           4%         N/A       16%         2
 Mephitic Cloud           Conj/Pois/Air  9%         N/A       22%         3
 Passage of Golubria      Tloc           4%         N/A       71%         4
 Silence                  Hex/Air        2%         N/A       96%         5
 Lehudib's Crystal Spear  Conj/Erth      8%         10d4      100%        8
 Animate Armour           Summ/Erth      Unusable   N/A       N/A         4

Dungeon Overview and Level Annotations

Branches:
Dungeon (6/15)
 Temple: D:4-7

Altars:
Cheibriados
Elyvilon
Gozag
Hepliaklqana
Makhleb
Vehumet
Yredelemnul

Shops:
D:3 *


Innate Abilities, Weirdness & Mutations

You cannot wear most types of armour.
You are amphibious.
You can wear up to eight rings at the same time.
Your skin changes colour to match your surroundings (Stealth+).
Your rubbery body absorbs attacks. (AC +1, EV +1)
((You are camouflaged when in or above water. (Stealth+)))
You have tentacles for arms and can constrict up to eight enemies at once.
Your flesh is heat resistant. (rF+)


Message History

The orc misses you. The orc warrior barely misses you.
You barely miss the orc wizard.
The orc wizard is moderately wounded.
You constrict the orc wizard. The orc wizard misses you.
The orc hits you with a +0 flail.
The orc warrior hits you from afar with a +0 trident!
You hit the orc wizard. You squeeze the orc wizard.
The orc wizard is almost dead.
You constrict the orc wizard.
You kill the orc wizard!
The orc barely misses you. The orc warrior misses you.
You sock the orc!
You kill the orc!
The orc warrior hits you from afar with a +0 trident!
You are too injured to fight recklessly!
You are too injured to fight recklessly!
You are too injured to fight recklessly!
You are too injured to fight recklessly!
The orc warrior hits you with a +0 trident!!
* * * LOW HITPOINT WARNING * * *
Things that are here:
a +0 flail; an orc corpse You hit the orc warrior but do no damage.
You grab the orc warrior.
You constrict the orc warrior, but do no damage.
The orc warrior closely misses you.
You hit the orc warrior but do no damage.
You tentacle-slap the orc warrior.
The orc warrior is moderately wounded.
You constrict the orc warrior, but do no damage.
The orc warrior hits you with a +0 trident!
* * * LOW HITPOINT WARNING * * *
You hit the orc warrior. You squeeze the orc warrior.
The orc warrior is heavily wounded.
You constrict the orc warrior. The orc warrior closely misses you. x2
You hit the orc warrior but do no damage.
The orc warrior is heavily wounded.
You constrict the orc warrior.
The orc warrior hits you with a +0 trident!
You die...

.. .. #######. #.......#+
#####+# #..[..#....
.......
#####.....#...........
.......o..+.... .....
......)@..##..# ...#
.....##'####..##...##..
... #................. .
#.................
#######.................
#.......................
#....##....##############
#....##....#.............
#....#.....#.............


You could see an orc warrior.

Vanquished Creatures
  Pikel (D:4)
  Grinder (D:6)
  Sigmund (D:3)
  A steam dragon (D:6)
  Edmund (D:4)
  A water moccasin (D:6)
  Menkaure (D:4)
  An ice beast (D:6)
  An ogre (D:5)
  2 black bears (D:5)
  2 phantoms
  A lemure (D:4)
  2 scorpions (D:4)
  4 wights (D:6)
  2 hounds
  A jelly (D:6)
  2 orc priests (D:4)
  A gnoll bouda (D:5)
  5 iguanas
  3 orc wizards
  3 gnolls (D:5)
  4 adders
  An ufetubus (D:6)
  4 worms
  19 orcs
  8 ball pythons
  9 bats
  4 endoplasms
  6 giant cockroaches
  4 goblins
  12 hobgoblins
  14 kobolds
  4 quokkas
  13 frilled lizards
  7 rats
146 creatures vanquished.

Vanquished Creatures (others)
  15 fungi (D:5)
  3 plants (D:6)
18 creatures vanquished.

Grand Total: 164 creatures vanquished

Notes
Turn   | Place    | Note
-------+----------+-------------------------------------------
     0 | D:1      | Barneous the Octopode Wanderer began the quest for the Orb.
     0 | D:1      | Barneous set off with the following items: a +0 vorpal
                  | quarterstaff, a +0 short sword, a +0 hat, a scroll of
                  | teleportation.
     0 | D:1      | Reached XP level 1. HP: 13/13 MP: 2/2
   106 | D:1      | Reached XP level 2. HP: 14/18 MP: 3/3
   488 | D:1      | Found a faded altar of an unknown god.
   664 | D:1      | Reached XP level 3. HP: 23/23 MP: 4/4
   850 | D:1      | Reached skill level 1 in Unarmed Combat
   925 | D:2      | Gained mutation: Your flesh is heat resistant. (rF+)
                  | [potion of mutation]
  1400 | D:2      | Found an opulent altar of Gozag.
  1530 | D:2      | Reached XP level 4. HP: 29/29 MP: 6/6
  1711 | D:3      | Found Danton's General Store.
  1771 | D:3      | Noticed Sigmund
  1782 | D:3      | Killed Sigmund
  1783 | D:3      | Reached skill level 5 in Stealth
  1783 | D:3      | Reached XP level 5. HP: 29/35 MP: 6/8
  1783 | D:3      | Reached XP level 6. HP: 35/41 MP: 6/9
  1889 | D:3      | Found a faded altar of an unknown god.
  1892 | D:3      | Found a radiant altar of Vehumet.
  1909 | D:3      | Learned a level 3 spell: Stone Arrow
  2326 | D:4      | Found a white marble altar of Elyvilon.
  2418 | D:4      | Noticed Edmund
  2419 | D:4      | Noticed Pikel
  2428 | D:4      | Killed Edmund
  2432 | D:4      | Killed Pikel
  2433 | D:4      | Reached skill level 6 in Stealth
  2433 | D:4      | Reached XP level 7. HP: 46/46 MP: 9/11
  2438 | D:4      | Reached XP level 8. HP: 52/52 MP: 9/12
  2664 | D:4      | Learned a level 1 spell: Magic Dart
  2718 | D:4      | Found a burning altar of Makhleb.
  2727 | D:4      | Identified the ring "Pixo" {rElec rF- rC+ Int+6 Dex+4}
  2742 | D:4      | Noticed Menkaure
  2753 | D:4      | Killed Menkaure
  2997 | D:4      | Found a hazy altar of Hepliaklqana.
  3018 | D:4      | Found a basalt altar of Yredelemnul.
  3190 | D:4      | Reached skill level 1 in Conjurations
  3190 | D:4      | Reached skill level 1 in Earth Magic
  3190 | D:4      | Reached skill level 1 in Evocations
  3192 | D:4      | Reached skill level 1 in Polearms
  3322 | D:5      | Entered Level 5 of the Dungeon
  3476 | D:5      | Reached skill level 7 in Stealth
  4238 | D:5      | Reached XP level 9. HP: 47/58 MP: 7/14
  4369 | D:5      | Found a snail-covered altar of Cheibriados.
  4709 | D:6      | Noticed Grinder
  4725 | D:6      | Killed Grinder
  4996 | D:6      | Reached skill level 5 in Dodging
  5523 | D:6      | Mangled by an orc warrior

Illustrated notes

Levels and vault maps discovered:
D:1:      psy_arrival_spokes, layout_loops_ring, ebering_ecumenical_altar_hall
D:2:      layout_rooms, basic_altar, minmay_randomly_rotated_circles
D:3:      layout_rooms, nicolae_overflow_ecumenical_swirl, serial_shops,
          nicolae_shop_temple_entry_statues_fountains, grunt_ministairs_8,
          uniq_sigmund
D:4:      layout_cave_pods, lemuel_round_altar, lemuel_round_altar,
          kennysheep_mini_moat, marbit_many_paths, minmay_bisected, uniq_pikel,
          uniq_menkaure, uniq_crazy_yiuf_cottage, uniq_edmund
D:5:      layout_loops_cross, cheibriados_altar_1, serial_aquarium,
          aquarium_bridge_long_joined [aquarium_subvault_bridge,
          aquarium_subvault_wall, aquarium_subvault_wall,
          aquarium_subvault_wall, aquarium_subvault_wall,
          aquarium_subvault_bridge], aquarium_window_corner, aquarium_window_1,
          aquarium_window_fake, aquarium_view_2b, aquarium_pool_corner
D:6:      layout_gridville, minmay_lizard_king, uniq_grinder

Skill      XL: |  1  2  3  4  5  6  7  8  9 |
---------------+----------------------------+-----
Unarmed Combat | 1 2 3 4 |  4.4
Fighting       | 2 3 4 |  4.7
Short Blades   | 2 3 |  3.4
Dodging        | 3 4 5 |  5.1
Stealth        | 5 6 7 |  7.9
Spellcasting   | 2 3 4 |  4.3
Conjurations   | 2 |  2.9
Earth Magic    | 2 |  2.8
Evocations     | 2 3 |  3.0
Polearms       | 2 |  2.8
Staves         | |  2.0

Action                   |  1- 3 |  4- 6 |  7- 9 || total
-------------------------+-------+-------+-------++-------
Melee: Quarterstaff      |    71 |    56 |   151 ||   278
       Constrict         |    17 |    10 |    40 ||    67
       Tentacles         |    10 |    13 |    45 ||    68
       Punch             |       |       |     7 ||     7
 Cast: Magic Dart        |       |       |    37 ||    37
Evoke: Wand              |       |       |     2 ||     2
  Use: Scroll            |     4 |     6 |       ||    10
       Potion            |     4 |     2 |     5 ||    11
 Stab: Sleeping          |    19 |     6 |     8 ||    33
       Distracted        |       |       |     2 ||     2
Armor: Skin              |    15 |     4 |    21 ||    40
Dodge: Dodged            |    38 |    28 |   104 ||   170
